Map: [ESL] Site Delta

Players

ShoWTimE

  • Race: Protoss Protoss
  • Spawn Location: 11:00

Dark - Winner!

  • Race: Zerg Zerg
  • Spawn Location: 5:00

VOD

Have the link to the VOD?

Description

Time

  • Played on: Dec. 11, 2023, 6:39 a.m.
  • Length: 6:45
Show
View Real Time Build Order
Export as new Build Order

ShoWTimE Protoss 

Build Orders: 1 Gate Expand, Oracle Opening 

Get SALT Encoding   

  12  0:00  Probe  
  13  0:12  Probe  
  14  0:20  Pylon  
  14  0:24  Probe  
  15  0:38  Probe (Chrono Boost)  
  15  0:40  Gateway  
  16  0:48  Probe (Chrono Boost)  
  16  0:49  Assimilator  
  17  0:53  Probe (Chrono Boost)  
  18  1:05  Probe  
  19  1:17  Probe  
  20  1:26  Nexus  
  20  1:35  Cybernetics Core  
  20  1:38  Probe  
  21  1:43  Assimilator  
  21  1:50  Probe  
  21  1:51  Pylon  
  22  2:02  Probe  
  23  2:09  Adept (Chrono Boost)  
  23  2:14  Probe  
  26  2:22  Stargate  
  26  2:26  Probe  
  26  2:29  Adept (Chrono Boost)  
  27  2:36  Warp Gate  
  29  2:42  Probe x2 (Chrono Boost)  
  33  2:51  Adept, Probe (Chrono Boost)  
  33  2:53  Probe (Chrono Boost)  
  33  2:57  Probe  
  35  3:01  Pylon  
  35  3:02  Probe  
  37  3:07  Oracle (Chrono Boost)  
  37  3:09  Probe  
  41  3:14  Probe  
  42  3:21  Adept, Probe  
  45  3:27  Probe  
  45  3:33  Probe  
  43  3:35  Gateway  
  43  3:38  Oracle (Chrono Boost)  
  43  3:39  Probe  
  47  3:43  Pylon  
  47  3:46  Probe  
  48  3:51  Probe  
  49  3:55  Shield Battery  
  49  4:03  Probe  
  49  4:04  Probe  
  49  4:07  Oracle (Chrono Boost)  
  49  4:15  Assimilator, Probe  
  49  4:16  Probe  
  51  4:17  Nexus  
  51  4:20  Pylon  
  51  4:24  Adept  
  51  4:27  Assimilator, Probe  
  54  4:33  Adept, Probe  
  57  4:39  Probe  
  58  4:47  Gateway, Probe  
  58  4:48  Gateway  
  58  4:51  Adept  
  62  4:52  Probe  
  62  4:58  Forge  
  62  4:59  Twilight Council  
  62  5:01  Adept  
  64  5:07  Probe x2  
  64  5:10  Pylon  
  66  5:18  Shield Battery  
  66  5:22  Probe x2  
  66  5:26  Adept  
  69  5:31  Stalker  
  71  5:37  Probe  
  71  5:40  Shield Battery  
  71  5:41  Stalker  
  70  5:43  Probe  
  70  5:46  Photon Cannon  
  70  5:48  Stalker x2  
  70  5:57  Stalker, Photon Cannon  
  68  6:04  Stalker  
  68  6:07  Probe  
  68  6:08  Probe  
  72  6:11  Stalker  
  72  6:16  Stalker  
  76  6:23  Adept  
  71  6:27  Shield Battery  
  71  6:30  Adept  
  59  6:35  Adept  
  56  6:41  Adept  
Show
View Real Time Build Order
Export as new Build Order

Dark Zerg - Winner!

Build Orders: Hatch First 

Get SALT Encoding   

  12  0:00  Drone  
  13  0:12  Overlord  
  13  0:16  Drone  
  14  0:30  Drone x2  
  16  0:48  Hatchery  
  15  0:51  Drone  
  15  0:55  Drone  
  17  0:58  Drone  
  18  1:08  Extractor  
  17  1:13  Spawning Pool  
  17  1:15  Drone  
  17  1:20  Drone  
  18  1:30  Drone  
  19  1:41  Drone  
  20  1:52  Drone  
  21  2:00  Queen x2  
  25  2:04  Zergling x2  
  25  2:05  Zergling x2  
  27  2:09  Metabolic Boost  
  27  2:11  Overlord  
  27  2:16  Drone  
  28  2:30  Drone x2  
  28  2:32  Drone  
  28  2:33  Drone  
  32  2:41  Hatchery  
  32  2:44  Drone  
  32  2:49  Queen  
  34  2:53  Overlord  
  34  2:58  Zergling x2  
  34  2:59  Zergling x2  
  36  3:11  Queen  
  36  3:12  Zergling x6  
  41  3:14  Zergling x2  
  41  3:15  Drone  
  41  3:17  Drone  
  44  3:22  Overlord  
  41  3:35  Drone x2  
  43  3:42  Drone x4  
  43  3:43  Drone  
  48  3:50  Lair  
  48  3:52  Drone  
  48  3:54  Drone  
  50  4:02  Drone x2  
  50  4:03  Drone x2  
  50  4:04  Drone  
  50  4:10  Spore Crawler  
  50  4:12  Zergling x4  
  50  4:14  Drone x2  
  52  4:17  Drone  
  52  4:20  Spore Crawler  
  52  4:21  Zergling x2  
  52  4:24  Drone x2  
  55  4:28  Overlord  
  55  4:32  Queen  
  55  4:36  Extractor  
  56  4:41  Overlord  
  56  4:48  Zergling x4  
  56  4:49  Drone x3, Nydus Network  
  56  4:50  Drone x2  
  62  4:54  Queen  
  62  4:56  Zergling x2  
  62  4:57  Overlord  
  65  5:00  Overlord  
  65  5:02  Zergling x2  
  66  5:11  Zergling x14  
  70  5:23  Queen  
  70  5:28  Zergling x6  
  74  5:29  Nydus Canal  
  74  5:31  Zergling x8  
  74  5:32  Zergling x4  
  80  5:36  Zergling x4  
  80  5:40  Queen  
  80  5:42  Zergling x2  
  81  5:45  Nydus Canal  
  81  5:46  Zergling x2  
  81  5:47  Zergling x2, Overlord  
  83  5:51  Zergling x8  
  85  6:00  Nydus Canal  
  85  6:01  Zergling x10  
  85  6:08  Queen  
  85  6:10  Zergling x6  
  89  6:16  Nydus Canal  
  85  6:26  Zergling x10  
  88  6:32  Nydus Canal  
Tags
 
Add a new tag
Caveats
  • Supply blocks, unpowered buildings, or Contaminate may cause inaccurate times.
  • Supply counts are checked every 10 seconds.